[ PARTIDA AOE2 · #506926164 ]
UnrankedCeltas vs Vietnamese
Equipo del jugador · DERR
Equipo rival · VICT
[ ANÁLISIS DE REPETICIÓN · EXTRAÍDO DE LA PARTIDA GRABADA ]
Feudal
10:20
Castillos
15:47
Imperial
—
| APM promedio | 65.5 |
| APM pico | 139 |
| eAPM promedio | 30.6 |
| Aldeanos / militares | 90 / 101 |
Foco
⚔️ 64.2% · 🌾 35.8%
Scorpion ×37 · Knight ×29 · Mangonel ×21 · Monk ×7 · Battering Ram ×4 · Militia ×3
Feudal
8:32
Castillos
20:32
Imperial
—
| APM promedio | 64.8 |
| APM pico | 110 |
| eAPM promedio | 33.1 |
| Aldeanos / militares | 119 / 56 |
Foco
⚔️ 61.9% · 🌾 38.1%
Mangonel ×18 · Scout Cavalry ×13 · Monk ×9 · Skirmisher ×6 · Archer ×5 · Knight ×4
Mapa de la partida
Recursos iniciales + cada clic de construcción. Líneas = muros · curvas = relieve. ◆ oro · ⬟ piedra · ● bayas · ✦ reliquia · ◌ hueco del cierre
Tu base· Abierta — hueco de 4t
Base de alesh· ✓ Cerrada en 20:32 · 30t muro · 1 puerta(s)
Terreno inicial suavizado · ◌ = hueco del cierre detectado · pasá el cursor para detalles
Inputs por minuto
— Learning - - alesh
Build order — Learning
Primeras 150 de 248 acciones detectadas
| 0:00 | Encolar | Villager (Male) ×4 |
| 0:01 | Encolar | Villager (Male) ×4 |
| 0:02 | Construir | House |
| 0:03 | Construir | House |
| 1:27 | Encolar | Villager (Male) |
| 1:27 | Encolar | Villager (Male) |
| 1:51 | Encolar | Villager (Male) |
| 1:52 | Encolar | Villager (Male) |
| 2:18 | Encolar | Villager (Male) |
| 2:18 | Encolar | Villager (Male) |
| 2:36 | Encolar | Villager (Male) |
| 2:36 | Encolar | Villager (Male) |
| 2:36 | Encolar | Villager (Male) |
| 3:14 | Encolar | Villager (Male) |
| 3:14 | Encolar | Villager (Male) |
| 3:25 | Construir | Lumber Camp |
| 3:31 | Construir | Lumber Camp |
| 3:32 | Encolar | Villager (Male) |
| 3:32 | Encolar | Villager (Male) |
| 4:02 | Construir | House |
| 4:25 | Encolar | Villager (Male) |
| 4:26 | Encolar | Villager (Male) |
| 4:26 | Encolar | Villager (Male) |
| 4:33 | Construir | House |
| 5:26 | Encolar | Villager (Male) |
| 5:27 | Encolar | Villager (Male) |
| 5:36 | Encolar | Villager (Male) |
| 6:12 | Construir | Barracks |
| 6:38 | Encolar | Villager (Male) |
| 6:59 | Construir | House |
| 7:06 | Encolar | Villager (Male) |
| 7:09 | Encolar | Militia |
| 7:09 | Encolar | Militia |
| 7:10 | Encolar | Militia |
| 7:37 | Construir | Mill |
| 7:43 | Construir | House |
| 8:10 | Investigar | Feudal Age |
| 8:20 | Construir | House |
| 8:21 | Construir | House |
| 8:23 | Construir | Palisade Wall |
| 8:25 | Construir | Palisade Wall |
| 8:32 | Investigar | Loom |
| 8:38 | Construir | Palisade Wall |
| 8:39 | Construir | Palisade Wall |
| 10:03 | Construir | Palisade Wall |
| 10:04 | Construir | Palisade Wall |
| 10:04 | Construir | Palisade Wall |
| 10:05 | Construir | Palisade Wall |
| 10:05 | Construir | Palisade Wall |
| 10:05 | Construir | Palisade Wall |
| 10:06 | Construir | Palisade Wall |
| 10:20 | Edad | Edad Feudal |
| 10:24 | Encolar | Villager (Male) |
| 10:29 | Construir | Market |
| 10:34 | Construir | Blacksmith |
| 10:46 | Construir | House |
| 10:48 | Construir | Palisade Wall |
| 11:04 | Encolar | Villager (Male) |
| 11:15 | Construir | Watch Tower |
| 11:34 | Construir | Palisade Wall |
| 11:43 | Encolar | Villager (Male) |
| 11:46 | Construir | Mining Camp |
| 13:07 | Investigar | Castle Age |
| 13:08 | Investigar | Castle Age |
| 14:14 | Construir | Palisade Wall |
| 14:27 | Investigar | Double-Bit Axe |
| 15:25 | Encolar | Villager (Male) |
| 15:29 | Investigar | Gold Mining |
| 15:47 | Edad | Edad de los Castillos |
| 16:09 | Construir | Siege Workshop |
| 16:12 | Construir | Siege Workshop |
| 16:24 | Encolar | Villager (Male) |
| 16:38 | Construir | Monastery |
| 16:46 | Encolar | Scorpion |
| 17:02 | Encolar | Scorpion ×4 |
| 17:02 | Encolar | Scorpion ×4 |
| 17:02 | Encolar | Scorpion ×4 |
| 17:08 | Encolar | Villager (Male) |
| 17:11 | Construir | Monastery |
| 17:12 | Construir | House |
| 17:14 | Encolar | Scorpion |
| 17:53 | Construir | Mining Camp |
| 18:08 | Encolar | Scorpion |
| 18:08 | Encolar | Scorpion |
| 18:13 | Encolar | Monk |
| 18:13 | Encolar | Monk |
| 18:13 | Encolar | Monk |
| 18:17 | Construir | House |
| 18:50 | Construir | Farm |
| 19:03 | Encolar | Monk |
| 19:16 | Construir | Palisade Wall |
| 19:44 | Construir | Farm |
| 19:45 | Construir | Farm |
| 19:48 | Encolar | Battering Ram ×2 |
| 19:49 | Encolar | Battering Ram ×2 |
| 20:21 | Encolar | Scorpion |
| 20:21 | Encolar | Scorpion |
| 20:45 | Construir | Outpost |
| 20:51 | Encolar | Scorpion |
| 20:52 | Encolar | Scorpion |
| 20:53 | Encolar | Villager (Male) |
| 20:53 | Encolar | Villager (Male) |
| 21:06 | Construir | Outpost |
| 21:34 | Construir | House |
| 21:43 | Construir | University |
| 22:11 | Encolar | Mangonel |
| 22:11 | Encolar | Mangonel |
| 22:24 | Construir | House |
| 22:29 | Encolar | Villager (Male) |
| 22:36 | Encolar | Villager (Male) |
| 22:39 | Construir | Lumber Camp |
| 22:51 | Encolar | Monk |
| 23:23 | Encolar | Villager (Male) |
| 23:24 | Encolar | Villager (Male) |
| 23:27 | Encolar | Monk |
| 23:39 | Construir | Outpost |
| 24:18 | Construir | House |
| 24:34 | Encolar | Villager (Male) |
| 24:36 | Encolar | Scorpion ×4 |
| 24:36 | Encolar | Scorpion ×4 |
| 24:57 | Encolar | Villager (Male) |
| 25:00 | Encolar | Monk |
| 25:03 | Construir | House |
| 25:04 | Construir | Palisade Wall |
| 25:10 | Construir | Outpost |
| 25:11 | Construir | Outpost |
| 25:49 | Encolar | Villager (Male) |
| 25:50 | Encolar | Villager (Male) |
| 25:50 | Encolar | Villager (Male) |
| 25:55 | Encolar | Mangonel |
| 25:55 | Encolar | Mangonel |
| 26:38 | Encolar | Villager (Male) |
| 26:38 | Encolar | Villager (Male) |
| 26:40 | Construir | Stable |
| 27:05 | Encolar | Mangonel ×2 |
| 27:05 | Encolar | Mangonel ×2 |
| 27:19 | Construir | Outpost |
| 27:28 | Encolar | Villager (Male) |
| 27:31 | Construir | Farm |
| 27:32 | Construir | Farm |
| 27:44 | Encolar | Knight |
| 27:52 | Construir | Outpost |
| 27:56 | Encolar | Villager (Male) |
| 27:56 | Encolar | Villager (Male) |
| 28:18 | Construir | Farm |
| 28:18 | Construir | Farm |
| 28:19 | Construir | Farm |
| 28:24 | Encolar | Mangonel |
| 28:24 | Encolar | Mangonel |
| 28:28 | Encolar | Villager (Male) |
Build order — alesh
Primeras 150 de 324 acciones detectadas
| 0:00 | Encolar | Villager (Male) |
| 0:00 | Encolar | Villager (Male) |
| 0:01 | Encolar | Villager (Male) |
| 0:01 | Encolar | Villager (Male) |
| 0:01 | Encolar | Villager (Male) |
| 0:02 | Construir | House |
| 0:03 | Construir | House |
| 1:25 | Encolar | Villager (Male) |
| 2:05 | Construir | House |
| 2:08 | Encolar | Villager (Male) |
| 2:08 | Encolar | Villager (Male) |
| 2:12 | Construir | Lumber Camp |
| 2:16 | Encolar | Villager (Male) |
| 2:16 | Encolar | Villager (Male) |
| 2:49 | Encolar | Villager (Male) |
| 3:17 | Encolar | Villager (Male) |
| 3:45 | Construir | House |
| 3:51 | Encolar | Villager (Male) |
| 3:51 | Encolar | Villager (Male) |
| 3:53 | Construir | House |
| 4:03 | Encolar | Villager (Male) |
| 4:03 | Encolar | Villager (Male) |
| 4:41 | Encolar | Villager (Male) |
| 4:41 | Encolar | Villager (Male) |
| 5:02 | Construir | Mill |
| 5:10 | Encolar | Villager (Male) |
| 5:50 | Investigar | Loom |
| 6:22 | Investigar | Feudal Age |
| 7:22 | Construir | Palisade Wall |
| 7:43 | Construir | House |
| 7:46 | Construir | Barracks |
| 7:48 | Construir | Palisade Wall |
| 8:00 | Encolar | Villager (Male) |
| 8:32 | Edad | Edad Feudal |
| 8:43 | Construir | Archery Range |
| 8:47 | Encolar | Villager (Male) |
| 8:48 | Investigar | Double-Bit Axe |
| 9:06 | Encolar | Villager (Male) |
| 9:25 | Encolar | Archer |
| 9:33 | Construir | Palisade Wall |
| 9:34 | Construir | Palisade Wall |
| 9:41 | Construir | House |
| 9:46 | Construir | Palisade Gate |
| 9:50 | Encolar | Villager (Male) |
| 9:58 | Encolar | Skirmisher |
| 10:04 | Encolar | Villager (Male) |
| 10:07 | Construir | Farm |
| 10:10 | Construir | Farm |
| 10:17 | Construir | Farm |
| 10:25 | Encolar | Skirmisher |
| 10:26 | Encolar | Villager (Male) |
| 10:36 | Encolar | Villager (Male) |
| 10:49 | Encolar | Villager (Male) |
| 10:52 | Encolar | Skirmisher |
| 10:54 | Construir | Mining Camp |
| 11:02 | Construir | House |
| 11:06 | Encolar | Villager (Male) |
| 11:20 | Encolar | Villager (Male) |
| 11:27 | Investigar | Town Watch |
| 11:28 | Encolar | Villager (Male) |
| 11:36 | Construir | Palisade Wall |
| 11:39 | Encolar | Villager (Male) |
| 11:55 | Encolar | Villager (Male) |
| 12:03 | Encolar | Skirmisher |
| 12:05 | Encolar | Villager (Male) |
| 12:07 | Construir | Farm |
| 12:13 | Investigar | Horse Collar |
| 12:41 | Encolar | Villager (Male) |
| 12:46 | Construir | Blacksmith |
| 12:49 | Construir | House |
| 12:55 | Construir | Farm |
| 12:56 | Encolar | Villager (Male) |
| 13:11 | Encolar | Villager (Male) |
| 13:19 | Construir | Palisade Wall |
| 13:22 | Construir | Palisade Wall |
| 13:25 | Investigar | Fletching |
| 13:26 | Encolar | Villager (Male) |
| 13:36 | Construir | Farm |
| 13:36 | Encolar | Villager (Male) |
| 13:40 | Construir | House |
| 13:44 | Construir | Palisade Wall |
| 13:49 | Construir | Palisade Wall |
| 13:52 | Encolar | Villager (Male) |
| 13:57 | Construir | Farm |
| 14:02 | Encolar | Skirmisher |
| 14:06 | Construir | Palisade Wall |
| 14:11 | Encolar | Archer |
| 14:13 | Encolar | Villager (Male) |
| 14:30 | Construir | House |
| 14:34 | Encolar | Villager (Male) |
| 14:40 | Construir | Farm |
| 14:45 | Encolar | Skirmisher |
| 14:54 | Construir | Farm |
| 15:15 | Construir | Farm |
| 15:18 | Construir | Palisade Wall |
| 15:20 | Construir | Farm |
| 15:44 | Construir | Farm |
| 15:49 | Encolar | Archer |
| 16:11 | Construir | Farm |
| 16:13 | Construir | Farm |
| 16:16 | Construir | Farm |
| 16:29 | Encolar | Villager (Male) |
| 16:42 | Encolar | Villager (Male) |
| 16:44 | Encolar | Archer |
| 16:44 | Encolar | Archer |
| 17:10 | Encolar | Villager (Male) |
| 17:13 | Construir | Farm |
| 17:29 | Construir | House |
| 17:52 | Investigar | Castle Age |
| 17:52 | Investigar | Castle Age |
| 17:55 | Construir | Stable |
| 18:38 | Encolar | Villager (Male) |
| 18:43 | Construir | Stable |
| 20:22 | Encolar | Villager (Male) |
| 20:32 | Edad | Edad de los Castillos |
| 20:33 | Construir | Siege Workshop |
| 20:34 | Encolar | Knight |
| 20:35 | Encolar | Knight |
| 20:36 | Encolar | Knight |
| 20:36 | Encolar | Knight |
| 20:49 | Encolar | Villager (Male) |
| 21:01 | Construir | Town Center |
| 21:02 | Encolar | Mangonel |
| 21:10 | Encolar | Villager (Male) |
| 21:16 | Encolar | Scout Cavalry |
| 21:19 | Encolar | Scout Cavalry |
| 21:34 | Encolar | Villager (Male) |
| 22:00 | Encolar | Villager (Male) |
| 22:09 | Encolar | Mangonel |
| 22:18 | Encolar | Villager (Male) |
| 22:28 | Investigar | Bow Saw |
| 22:50 | Encolar | Mangonel |
| 23:19 | Encolar | Villager (Male) |
| 23:26 | Encolar | Villager (Male) |
| 23:26 | Encolar | Villager (Male) |
| 23:27 | Encolar | Villager (Male) |
| 24:23 | Encolar | Mangonel |
| 24:33 | Encolar | Villager (Male) |
| 24:35 | Construir | Monastery |
| 24:54 | Investigar | Light Cavalry (upgrade) |
| 24:54 | Investigar | Light Cavalry (upgrade) |
| 24:59 | Encolar | Scout Cavalry |
| 25:00 | Encolar | Scout Cavalry |
| 25:04 | Encolar | Villager (Male) |
| 25:07 | Encolar | Mangonel |
| 25:15 | Encolar | Mangonel |
| 25:16 | Encolar | Villager (Male) |
| 25:29 | Construir | Lumber Camp |
| 25:31 | Encolar | Villager (Male) |
| 25:36 | Construir | House |
Cronología de la partida
| 6:12 | Learning · first_building Barracks |
| 7:22 | alesh · wall_segment Palisade Wall x1 |
| 7:46 | alesh · first_building Barracks |
| 7:48 | alesh · wall_segment Palisade Wall x1 |
| 8:23 | Learning · wall_segment Palisade Wall x5 |
| 8:25 | Learning · wall_segment Palisade Wall x5 |
| 8:32 | alesh · age_up feudal |
| 8:38 | Learning · wall_segment Palisade Wall x6 |
| 8:39 | Learning · wall_segment Palisade Wall x7 |
| 8:43 | alesh · first_building Archery Range |
| 9:33 | alesh · wall_segment Palisade Wall x1 |
| 9:34 | alesh · wall_segment Palisade Wall x1 |
| 10:03 | Learning · wall_segment Palisade Wall x1 |
| 10:04 | Learning · wall_segment Palisade Wall x1 |
| 10:04 | Learning · wall_segment Palisade Wall x1 |
| 10:05 | Learning · wall_segment Palisade Wall x1 |
| 10:05 | Learning · wall_segment Palisade Wall x1 |
| 10:05 | Learning · wall_segment Palisade Wall x1 |
| 10:06 | Learning · wall_segment Palisade Wall x1 |
| 10:20 | Learning · age_up feudal |
| 10:48 | Learning · wall_segment Palisade Wall x6 |
| 11:34 | Learning · wall_segment Palisade Wall x4 |
| 11:36 | alesh · wall_segment Palisade Wall x4 |
| 11:36 | Learning · first_market_sell 500 stone |
| 12:47 | Learning · first_market_buy 100 food |
| 13:19 | alesh · wall_segment Palisade Wall x1 |
| 13:22 | alesh · wall_segment Palisade Wall x3 |
| 13:44 | alesh · wall_segment Palisade Wall x4 |
| 13:49 | alesh · wall_segment Palisade Wall x1 |
| 14:06 | alesh · wall_segment Palisade Wall x12 |
| 14:14 | Learning · wall_segment Palisade Wall x1 |
| 15:18 | alesh · wall_segment Palisade Wall x1 |
| 15:47 | Learning · age_up castle |
| 16:09 | Learning · first_building Siege Workshop |
| 16:38 | Learning · first_building Monastery |
| 17:55 | alesh · first_building Stable |
| 19:16 | Learning · wall_segment Palisade Wall x1 |
| 20:32 | alesh · age_up castle |
| 20:33 | alesh · first_building Siege Workshop |
| 24:35 | alesh · first_building Monastery |
| 25:04 | Learning · wall_segment Palisade Wall x1 |
| 26:40 | Learning · first_building Stable |
| 37:38 | Learning · first_building Castle |
| 38:56 | alesh · first_market_buy 100 stone |
| 39:21 | alesh · first_building Castle |
| 39:44 | alesh · wall_segment Stone Wall x1 |
| 40:20 | Learning · resign |
[ ANÁLISIS IA · 1 CRÉDITO ]
¿Qué pasó realmente en esta partida?
Wolo.gg analiza cada decisión: build order, eco, micro, errores típicos por bracket. Análisis personalizado por WhatsApp o Discord en 30 segundos.
Guía civ
Celtas
Perfil
Jugador #4521457